 Dungeon Sprint DCSS version 0.27-a0-216-g1fbed8a51c (webtiles) character file.

Game seed: 14720555513501507452

19991 mhtbhm the Executioner (level 12, -3/187 HPs)
             Began as a Minotaur Fighter on Feb 1, 2021.
             Was the Champion of Trog.
             Killed from afar by an orb of fire (37 damage)
             ... with a fireball
             ... in the Dungeon (Sprint VII: "The Pits").
             The game lasted 00:07:08 (4102 turns).

mhtbhm the Executioner (Minotaur Fighter)           Turns: 4102, Time: 00:07:08

Health: -3/187     AC: 22    Str: 30    XL:     12   Next: 41%
Magic:  11/11      EV: 11    Int:  5    God:    Trog [******]
Gold:   49         SH: 15    Dex: 11    Spells: 11/11 levels left

rFire    + . .     SeeInvis .   a - +9 hand axe of Extremism {vorpal, Str+2}
rCold    . . .     Faith    .   c - +0 kite shield
rNeg     . . .     Spirit   .   b - +2 plate armour
rPois    .         Reflect  .   p - +1 hat
rElec    .         Harm     .   F - scarf {repulsion}
rCorr    .         Rampage  .   s - +0 pair of gloves
Will     .....     NoTele   +   (no boots)
Stlth    ..........             (no amulet)
HPRegen  0.41/turn              r - +3 ring of strength
MPRegen  0.12/turn              B - ring of protection from fire

@: mighty, berserking (expiring), repel missiles, very quick
A: retaliatory headbutt, horns 2
a: Renounce Religion, Berserk, Trog's Hand, Brothers in Arms


You were in the Dungeon.
You worshipped Trog.
Trog was exalted by your worship.
You visited 1 branch You collected 49 gold pieces.

Inventory:

Hand Weapons
 a - the +9 hand axe of Extremism (weapon) {vorpal, Str+2}
   (You found it in the Dungeon)

   It inflicts extra damage upon your enemies.
   It affects your strength (+2).
 o - a +3 antimagic broad axe
Missiles
 t - 21 silver javelins (quivered)
Armour
 b - a +2 plate armour (worn)
 c - a +0 kite shield (worn)
 p - a +1 hat (worn)
 s - a +0 pair of gloves (worn)
 F - a scarf of repulsion (worn)
Jewellery
 q - a +3 ring of evasion
 r - a +3 ring of strength (left hand)
 B - a ring of protection from fire (right hand)
 C - the ring of Zetemugrit {+Fly Dex+4}
   (You found it in the Dungeon)

   [ring of flight]

   It affects your dexterity (+4).
   It lets you fly.
 E - an uncursed ring of see invisible
Wands
 A - a wand of random effects (18)
Scrolls
 j - a scroll of blinking
 l - 5 scrolls of remove curse
 n - a scroll of summoning
 u - 4 scrolls of enchant armour
 w - 5 scrolls of identify
 x - 2 scrolls of fear
 y - 2 scrolls of enchant weapon
 D - a scroll of magic mapping
Potions
 d - 3 potions of might
 e - 6 potions of curing
 f - 16 potions of heal wounds
 g - a potion of haste
 h - 4 potions of magic
 i - 5 potions of berserk rage
 k - 2 potions of invisibility
 v - a potion of mutation
 z - 2 potions of resistance


   Skills:
 + Level 17.5 Fighting
 + Level 21.4 Axes
 + Level 16.9 Armour
 + Level 5.7 Dodging
 + Level 3.3 Stealth
 + Level 16.1 Shields


You had 11 spell levels left.
You didn't know any spells.
Your spell library was empty.

Dungeon Overview and Level Annotations

Branches:
Dungeon (1/1)

Altars:
Ashenzari
Cheibriados
Dithmenos
Elyvilon
Fedhas
Gozag
Hepliaklqana
Kikubaaqudgha
Makhleb
Nemelex Xobeh
Okawaru
Qazlal
Ru
Sif Muna
Trog
Uskayaw
Vehumet
Wu Jian
Xom
Yredelemnul
Zin
The Shining One
Beogh
Jiyva
Lugonu


Innate Abilities, Weirdness & Mutations

You reflexively headbutt those who attack you in melee.
You have a pair of horns on your head.


Message History

The fireball engulfs the orb of fire.
The orb of fire completely resists.
You slice the orb of fire!! Your headbutt misses the orb of fire.
The orb of fire is moderately damaged.
You slash the orb of fire! Your headbutt misses the orb of fire.
The orb of fire is moderately damaged.
You hit the orb of fire.
The orb of fire is moderately damaged.
You slash the orb of fire! Your headbutt misses the orb of fire.
The orb of fire is heavily damaged.
The orb of fire glows red.
The bolt of fire hits you. You resist.
* * * LOW HITPOINT WARNING * * *
You completely miss the orb of fire.
The orb of fire is heavily damaged.
You hit the orb of fire.
You headbutt the orb of fire, but do no damage.
The orb of fire is heavily damaged.
The orb of fire emits a lurid red light.
The fireball explodes!
The fireball engulfs you!!! You resist.
You die...

#+# #.# #'# #.#
#'# #.# #?# #*#
#@# #)# #)#
################'#
.................#
...))............#
+##############..#
#).# #..#


You could see an orb of fire.

Vanquished Creatures
  An Executioner (D)
  Gastronok (D)
  A frost giant (D)
  A reaper (D)
  A draconian annihilator (D)
  A minotaur (D)
  3 boulder beetles (D)
  A death knight (D)
  A vampire mage (D)
  Sonja (D)
  An unseen horror (D)
  A bog body (D)
  A deep elf pyromancer (D)
  3 elephants (D)
  A black mamba (D)
  A merfolk siren (D)
  An eye of devastation (D)
  A smoke demon (D)
  A freezing wraith (D)
  A kobold demonologist (D)
  A rime drake (D)
  An ice devil (D)
  A red devil (D)
  2 tyrant leeches (D)
  A polar bear (D)
  2 wind drakes (D)
  A tarantella (D)
  A shadow (D)
  A wraith (D)
  A yak (shapeshifter) (D)
  A basilisk (D)
  A steam dragon (D)
  A chaos spawn (D)
  2 wargs (D)
  Menkaure (D)
  An ice beast (D)
  2 ogres (D)
  A wolf (D)
  2 centaurs (D)
  4 killer bees (D)
  A crimson imp (D)
  An orc priest (D)
  An iron imp (D)
  An iguana (D)
  2 orc wizards (D)
  A worker ant (D)
  A mummy (D)
  A gnoll (D)
  An adder (D)
  An ufetubus (D)
  An adder zombie (D)
  A worm (D)
  A leopard gecko (D)
  7 orcs (D)
  A giant cockroach (D)
  3 jackals (D)
  2 kobolds (D)
  A quokka (D)
  A bat (D)
  A frilled lizard (D)
  A giant cockroach simulacrum (D)
83 creatures vanquished.

Vanquished Creatures (collateral kills)
  3 elephants (D)
  A jumping spider (D)
  A steam dragon (D)
  An acid dragon (D)
  A swamp drake (D)
  An orc priest (D)
  An orc wizard (D)
  6 orcs (D)
  A frilled lizard (D)
  A rat (D)
17 creatures vanquished.

Grand Total: 100 creatures vanquished

Notes
Turn   | Place    | Note
-------+----------+-------------------------------------------
     0 | D        | mhtbhm the Minotaur Fighter began the quest for the Orb.
     0 | D        | Reached XP level 1. HP: 19/19 MP: 0/0
    47 | D        | Found a bloodstained altar of Trog.
    47 | D        | Found a shimmering blue altar of Sif Muna.
    47 | D        | Found a viscous altar of Jiyva.
    47 | D        | Found a hazy altar of Hepliaklqana.
    47 | D        | Found an opulent altar of Gozag.
    48 | D        | Found a glowing golden altar of the Shining One.
    48 | D        | Found a glowing silver altar of Zin.
    48 | D        | Found a basalt altar of Yredelemnul.
    48 | D        | Found a shimmering altar of Xom.
    48 | D        | Found an ornate altar of the Wu Jian Council.
    48 | D        | Found a sacrificial altar of Ru.
    48 | D        | Found a stormy altar of Qazlal.
    48 | D        | Found an iron altar of Okawaru.
    48 | D        | Found a sparkling altar of Nemelex Xobeh.
    48 | D        | Found a burning altar of Makhleb.
    48 | D        | Found a blossoming altar of Fedhas.
    48 | D        | Found a white marble altar of Elyvilon.
    48 | D        | Found a shadowy altar of Dithmenos.
    48 | D        | Found a snail-covered altar of Cheibriados.
    50 | D        | Found a radiant altar of Vehumet.
    50 | D        | Found a corrupted altar of Lugonu.
    50 | D        | Found a roughly hewn altar of Beogh.
    51 | D        | Found a hide-covered altar of Uskayaw.
    51 | D        | Found an ancient bone altar of Kikubaaqudgha.
    51 | D        | Found a broken altar of Ashenzari.
    54 | D        | Became a worshipper of Trog the Wrathful
   123 | D        | Reached skill level 3 in Axes
   123 | D        | Reached XP level 2. HP: 12/28 MP: 1/1
   127 | D        | Reached * piety under Trog
   427 | D        | Reached skill level 5 in Fighting
   427 | D        | Reached skill level 5 in Armour
   430 | D        | Reached ** piety under Trog
   435 | D        | Reached skill level 4 in Axes
   438 | D        | Reached XP level 3. HP: 31/36 MP: 2/2
   440 | D        | Reached skill level 5 in Shields
   440 | D        | Reached *** piety under Trog
   646 | D        | Noticed a warg
   646 | D        | Noticed a wolf
   646 | D        | Noticed a warg
   648 | D        | Noticed Menkaure
   654 | D        | Reached skill level 5 in Axes
   654 | D        | Reached skill level 1 in Dodging
   654 | D        | Reached XP level 4. HP: 45/45 MP: 3/3
   654 | D        | Killed a warg
   655 | D        | Reached skill level 7 in Axes
   655 | D        | Reached XP level 5. HP: 34/53 MP: 4/4
   656 | D        | Killed a warg
   656 | D        | Reached **** piety under Trog
   657 | D        | Reached skill level 8 in Axes
   657 | D        | Reached XP level 6. HP: 31/61 MP: 5/5
   658 | D        | Killed Menkaure
   659 | D        | Reached skill level 9 in Axes
   661 | D        | Reached skill level 1 in Stealth
   863 | D        | Noticed a merfolk siren
   871 | D        | Killed a merfolk siren
   871 | D        | Reached ***** piety under Trog
   872 | D        | Reached skill level 10 in Fighting
   872 | D        | Reached skill level 11 in Axes
   872 | D        | Reached skill level 10 in Armour
   872 | D        | Reached XP level 7. HP: 47/72 MP: 6/6
  1060 | D        | Received a gift from Trog
  1310 | D        | Noticed Gastronok
  1316 | D        | Reached XP level 8. HP: 80/80 MP: 2/7
  1320 | D        | Reached skill level 12 in Axes
  1324 | D        | Received a gift from Trog
  1337 | D        | Killed Gastronok
  1338 | D        | Reached skill level 15 in Axes
  1338 | D        | Reached skill level 10 in Shields
  1338 | D        | Reached XP level 9. HP: 33/90 MP: 2/8
  1511 | D        | Noticed a kobold demonologist
  1511 | D        | Noticed a freezing wraith
  1527 | D        | Killed a freezing wraith
  1530 | D        | Killed a kobold demonologist
  1530 | D        | Reached ****** piety under Trog
  1696 | D        | Noticed a minotaur
  1704 | D        | Killed a minotaur
  1705 | D        | Reached skill level 16 in Axes
  1705 | D        | Reached XP level 10. HP: 101/101 MP: 9/9
  1768 | D        | Received a gift from Trog
  1769 | D        | Reached skill level 17 in Axes
  1830 | D        | Noticed a boulder beetle
  1856 | D        | Killed a boulder beetle
  2255 | D        | Noticed Sonja
  2259 | D        | Killed Sonja
  2259 | D        | Received a gift from Trog
  2260 | D        | Reached skill level 18 in Axes
  2315 | D        | Noticed a smoke demon
  2325 | D        | Killed a smoke demon
  2630 | D        | Received a gift from Trog
  2631 | D        | Noticed a boulder beetle
  2642 | D        | Killed a boulder beetle
  2643 | D        | Reached XP level 11. HP: 48/111 MP: 10/10
  2920 | D        | Noticed a vampire mage
  2930 | D        | Killed a vampire mage
  2931 | D        | Reached skill level 15 in Fighting
  2931 | D        | Reached skill level 19 in Axes
  2937 | D        | Reached skill level 15 in Armour
  3066 | D        | Noticed a deep elf pyromancer
  3067 | D        | Killed a deep elf pyromancer
  3067 | D        | Received a gift from Trog
  3068 | D        | Noticed a boulder beetle
  3088 | D        | Killed a boulder beetle
  3135 | D        | Got a fading broad axe {god gift}
  3136 | D        | Identified the +0 broad axe of Stoicism {vorpal, Str+4}
                  | (Trog gifted it to you in the Dungeon)
  3209 | D        | Received a gift from Trog
  3218 | D        | Reached skill level 20 in Axes
  3222 | D        | Received a gift from Trog
  3243 | D        | Killed an unseen horror
  3472 | D        | Got the +9 hand axe of Extremism {vorpal, Str+2}
  3483 | D        | Got the ring of Zetemugrit {+Fly Dex+4}
  3608 | D        | Noticed a death knight
  3609 | D        | Noticed a bog body
  3614 | D        | Killed a bog body
  3614 | D        | Received a gift from Trog
  3615 | D        | Reached skill level 5 in Dodging
  3622 | D        | Killed a death knight
  3793 | D        | Reached skill level 15 in Shields
  3844 | D        | Noticed a reaper
  3855 | D        | Killed a reaper
  3856 | D        | Reached XP level 12. HP: 124/124 MP: 11/11
  3906 | D        | Noticed a frost giant
  3915 | D        | Killed a frost giant
  3915 | D        | Received a gift from Trog
  3916 | D        | Reached skill level 21 in Axes
  3988 | D        | Noticed an Executioner
  3993 | D        | Killed an Executioner
  4041 | D        | Noticed a red draconian annihilator
  4047 | D        | Killed a red draconian annihilator
  4083 | D        | Noticed an orb of fire
  4102 | D        | Killed from afar by an orb of fire

Illustrated notes

Levels and vault maps discovered:
D:        pitsprint [storerooms_1, entrance_room_1, metal_vault_6, armoury_1,
          mini_pit_1, grid_room_1, main_hall_1, silver_pit, the_coven_1,
          the_vestibule_1, steel_vault_2, golden_pit, hallway_of_sentries,
          crystal_vault_3, iron_vault_5, final_vault]

Skill      XL: |  1  2  3  4  5  6  7  8  9 10 11 12 |
---------------+-------------------------------------+-----
Fighting       | 4 5 6 7 8 10 12 13 14 16 17 | 17.5
Armour         | 4 5 6 7 8 10 12 13 14 16 | 16.9
Shields        | 4 5 7 9 10 11 13 15 16 | 16.1
Axes           | 3 4 5 7 8 11 15 16 18 20 21 | 21.4
Dodging        | 1 2 3 4 5 |  5.7
Stealth        | 1 2 3 |  3.3

Action                   |  1- 3 |  4- 6 |  7- 9 | 10-12 || total
-------------------------+-------+-------+-------+-------++-------
Melee: Hand axe          |    38 |    18 |    18 |    57 ||   131
       Headbutt          |     7 |     4 |    15 |    50 ||    76
       War axe           |     1 |       |    46 |     8 ||    55
       Broad axe         |       |       |       |   140 ||   140
Invok: Berserk           |     1 |     1 |     3 |    13 ||    18
       Brothers in Arms  |       |       |       |     1 ||     1
  Use: Potion            |     1 |       |       |     3 ||     4
       Scroll            |       |       |       |     1 ||     1
 Stab: Confused          |       |       |       |     1 ||     1
Armor: Scale mail        |    16 |       |       |       ||    16
       Plate armour      |     2 |     5 |    20 |    79 ||   106
Dodge: Dodged            |     5 |     1 |     6 |    55 ||    67
       Repelled          |       |       |       |     1 ||     1
Block: Kite shield       |    17 |     9 |    22 |    97 ||   145

Table legend: (Time is in decaauts)
 A = Elapsed time spent in this place.
 B = Non-inter-level travel time spent in this place.
 C = Inter-level travel time spent in this place.
 D = Time resting spent in this place.
 E = Time spent auto-exploring this place.
 F = Levels seen in this place.
 G = Mean time per level.
                   A        B        C        D        E       F      G
               +--------+--------+--------+--------+--------+-----+--------+
         Total |   4222 |   4157 |     65 |   3089 |      0 |   1 | 4222.0 |
       Dungeon |   4222 |   4157 |     65 |   3089 |      0 |   1 | 4222.0 |
               +--------+--------+--------+--------+--------+-----+--------+

Top non-repeatable levels by time:
       D: 4222 daAuts
